 Dungeon Crawl Stone Soup version 0.29.1-15-g9cfb28693d (webtiles) character file.

Game seed: 1855111628147934579

136 McKennaii the Digger (level 4, -5/33 HPs)
             Began as a Demigod Earth Elementalist on Feb 28, 2023.
             Killed from afar by Sigmund (18 damage)
             ... with a bolt of dispelling energy
             ... on level 3 of the Dungeon.
             The game lasted 00:02:30 (2265 turns).

McKennaii the Digger (Demigod Earth Elementalist)   Turns: 2265, Time: 00:02:31

Health: -5/33      AC:  2    Str:  9    XL:     4   Next: 67%
Magic:  1/11       EV: 12    Int: 21    God:
Gold:   150        SH:  0    Dex: 14    Spells: 5/9 levels left

rFire   . . .      SeeInvis .   (no weapon)
rCold   . . .      Faith    .   (no shield)
rNeg    . . .      Spirit   .   a - +0 robe
rPois   .          Reflect  .   (no helmet)
rElec   .          Harm     .   (no cloak)
rCorr   .          Rampage  .   (no gloves)
Will    .....                   (no boots)
Stlth   ++........              (no amulet)
HPRegen 0.11/turn               j - ring of wizardry
MPRegen 0.12/turn               (no ring)

@: no status effects
A: high MP 1, forlorn, divine attributes
a: no special abilities


You were on level 3 of the Dungeon.
You visited 1 branch of the dungeon, and saw 3 of its levels.

You collected 150 gold pieces.

Inventory:

Armour
 a - a +0 robe (worn)
Jewellery
 j - a ring of wizardry (left hand)
Wands
 n - a wand of flame (4)
Scrolls
 c - 2 scrolls of identify {unknown}
 f - a scroll of acquirement {unknown}
 g - a scroll of butterflies {unknown}
 h - a scroll of fear {unknown}
 i - a scroll of immolation {unknown}
 o - a scroll of amnesia {unknown}
 p - a scroll of blinking {unknown}
 r - a scroll of torment {unknown}
Potions
 b - a potion of magic
 d - 2 potions of curing {unknown}
 e - 2 potions of haste {unknown}
 k - a potion of might {unknown}
 l - a potion of lignification {unknown}
 m - a potion of resistance {unknown}
 q - a potion of berserk rage {unknown}


   Skills:
 - Level 1.7 Dodging
 - Level 1.7 Stealth
 + Level 3.3 Spellcasting
 + Level 0.0 Conjurations
 - Level 0.8 Transmutations
 + Level 4.1 Earth Magic


You had 5 spell levels left.
You knew the following spells:

 Your Spells              Type           Power      Damage    Failure   Level
a - Sandblast             Erth           40%        2d10      1%          1
b - Stone Arrow           Conj/Erth      24%        3d8       6%          3

Your spell library contained the following spells:

 Spells                   Type           Power      Damage    Failure   Level
 Passwall                 Tmut/Erth      10%        N/A       2%          2
 Freeze                   Ice            12%        1d4       5%          1
 Frozen Ramparts          Ice            6%         1d1       16%         3
 Petrify                  Tmut/Erth      13%        N/A       19%         4
 Hailstorm                Conj/Ice       3%         3d3       43%         4


Dungeon Overview and Level Annotations

Branches:
Dungeon (3/15)

Annotations:
D:3 Sigmund


Innate Abilities, Weirdness & Mutations

You have an increased reservoir of magic. (+10% MP)
You shall have no god before yourself.
Your divine heritage dramatically boosts your attributes as you level up.


Message History

Confirm with . or Enter, or press ? or * to list all spells.
Aiming: Stone Arrow (dangerous; 6% risk of failure)
Press: ? - help, Shift-Dir - straight line, f - Sigmund
Aim: Sigmund, wielding a +0 scythe, wearing a +0 robe and carrying a wand of quicksilver (10) (64% to hit)
The stone arrow misses Sigmund.
Unknown command.
Unknown command.
Casting: Stone Arrow (dangerous; 6% risk of failure)
Confirm with . or Enter, or press ? or * to list all spells.
Aiming: Stone Arrow (dangerous; 6% risk of failure)
Press: ? - help, Shift-Dir - straight line, f/p - Sigmund
Aim: Sigmund, wielding a +0 scythe, wearing a +0 robe and carrying a wand of quicksilver (10) (64% to hit)
The stone arrow hits Sigmund.
Sigmund is lightly wounded.
Sigmund hits you from afar with a +0 scythe!
Unknown command.
Casting: Stone Arrow (dangerous; 6% risk of failure)
Confirm with . or Enter, or press ? or * to list all spells.
Aiming: Stone Arrow (dangerous; 6% risk of failure)
Press: ? - help, Shift-Dir - straight line, f/p - Sigmund
Aim: Sigmund, wielding a +0 scythe, wearing a +0 robe and carrying a wand of quicksilver (10) (lightly wounded, 64% to hit)
The stone arrow hits Sigmund!!
Sigmund is almost dead.
Unknown command.
Unknown command.
Casting: Stone Arrow (dangerous; 6% risk of failure)
Confirm with . or Enter, or press ? or * to list all spells.
You don't have enough magic to cast this spell.
Casting: Stone Arrow (dangerous; 6% risk of failure)
Confirm with . or Enter, or press ? or * to list all spells.
Aiming: Sandblast (safe; 1% risk of failure)
Press: ? - help, Shift-Dir - straight line, f/p - Sigmund
Aim: Sigmund, wielding a +0 scythe, wearing a +0 robe and carrying a wand of quicksilver (10) (almost dead, 81% to hit)
The blast of sand hits Sigmund but does no damage.
Sigmund is almost dead.
Sigmund screams, "I am the angel of ZOT!!!"
Sigmund zaps a wand.
The bolt of dispelling energy hits you!!
Ouch! That really hurt!
You die...

.......#.#.#
#.#######.#.##
.##.##.....#
##.'.._..+.##.####
[.#.####.###
##..###.###.......#
#.#.####.# ###.#.# #.#
#..##...# .........#
#..##.###+# #.###...#
....###### #.#.......
...# #..<# ...##
#.##.#.####..## ##.##
...##########.###.## #.
#.# ................@.#
#. #.#
...####..##.#..##.# @..
#.#
.........#.)....#@#.....
#.#
.........#...#..........#
##.##
.........#...##.#.#.....#
##...#
.).......#...##.#.#.....#
##.>...
.....#####........# #####
#...... .....# #......###
######...... .....#
###.#########...........


You could see Sigmund.

Vanquished Creatures
  Jessica (D:2)
  4 gnolls (D:2)
  2 adders
  3 worms
  A dart slug (D:1)
  An orc (D:3)
  4 ball pythons
  2 endoplasms (D:2)
  6 goblins
  2 hobgoblins (D:1)
  4 jackals (D:3)
  A kobold (D:2)
  A quokka (D:2)
  4 bats
  2 frilled lizards (D:3)
  7 rats
45 creatures vanquished.

Notes
Turn   | Place    | Note
-------+----------+-------------------------------------------
     0 | D:1      | McKennaii the Demigod Earth Elementalist began the quest
                  | for the Orb.
     0 | D:1      | Reached XP level 1. HP: 14/14 MP: 5/5
   244 | D:1      | Reached skill level 3 in Earth Magic
   553 | D:1      | Reached XP level 2. HP: 20/20 MP: 3/7
   968 | D:2      | Reached XP level 3. HP: 26/26 MP: 0/9
  1066 | D:2      | Noticed Jessica
  1068 | D:2      | Killed Jessica
  1109 | D:2      | Reached XP level 4. HP: 33/33 MP: 7/11
  1220 | D:2      | Learned a level 3 spell: Stone Arrow
  1347 | D:2      | Reached skill level 4 in Earth Magic
  1614 | D:3      | Noticed Sigmund
  2265 | D:3      | Killed from afar by Sigmund

Illustrated notes

Levels and vault maps discovered:
D:1:      minmay_arrival_cross, layout_rooms, chequers_ecumenical_altar_island
D:2:      layout_rooms, basic_altar, uniq_jessica
D:3:      layout_loops_cross, lemuel_doored_altar, uniq_sigmund

Skill      XL: |  1  2  3  4 |
---------------+-------------+-----
Spellcasting   | 2 3 |  3.3
Earth Magic    | 3 4 |  4.1
Dodging        | |  1.7
Stealth        | |  1.7
Transmutations | |  0.8

Action                   |  1- 3 |  4- 6 || total
-------------------------+-------+-------++-------
Melee: Unarmed           |     1 |       ||     1
 Cast: Sandblast         |    33 |    28 ||    61
       Stone Arrow       |       |     3 ||     3
Dodge: Dodged            |       |     1 ||     1
